[ AOE2 MATCH · #476095775 ]
UnrankedCumans vs Mongols
[ REPLAY ANALYSIS · EXTRACTED FROM THE RECORDED GAME ]
Feudal
12:21
Castle
29:10
Imperial
43:15
| APM avg | 37.5 |
| APM peak | 114 |
| eAPM avg | 25.7 |
| Villagers / military | 186 / 706 |
Focus
⚔️ 50.9% · 🌾 49.1%
Steppe Lancer ×372 · Archer ×216 · Camel Scout ×63 · Trade Cart ×45 · Battering Ram ×32 · Skirmisher ×19
Feudal
9:20
Castle
21:39
Imperial
41:03
| APM avg | 25.2 |
| APM peak | 65 |
| eAPM avg | 15.9 |
| Villagers / military | 154 / 199 |
Focus
⚔️ 24.3% · 🌾 75.7%
Scout Cavalry ×78 · Mangudai ×76 · Trade Cart ×20 · Camel Scout ×20 · Battering Ram ×14 · Archer ×4
Feudal
10:02
Castle
19:11
Imperial
38:24
| APM avg | 44.6 |
| APM peak | 95 |
| eAPM avg | 20.0 |
| Villagers / military | 149 / 479 |
Focus
⚔️ 29.2% · 🌾 70.8%
Knight ×303 · Spearman ×167 · Trade Cart ×8 · Scout Cavalry ×6 · Trebuchet (Packed) ×3
Feudal
11:41
Castle
23:55
Imperial
40:22
| APM avg | 36.0 |
| APM peak | 90 |
| eAPM avg | 17.4 |
| Villagers / military | 110 / 380 |
Focus
⚔️ 42.4% · 🌾 57.6%
Scout Cavalry ×106 · Spearman ×103 · Genoese Crossbowman ×62 · Skirmisher ×60 · Hand Cannoneer ×38 · Trade Cart ×7
Feudal
12:13
Castle
17:10
Imperial
40:39
| APM avg | 46.4 |
| APM peak | 110 |
| eAPM avg | 18.2 |
| Villagers / military | 197 / 638 |
Focus
⚔️ 28.0% · 🌾 72.0%
Scout Cavalry ×244 · Cavalry Archer ×135 · Magyar Huszar ×93 · Skirmisher ×90 · Knight ×74 · Trade Cart ×5
Feudal
10:09
Castle
21:07
Imperial
35:53
| APM avg | 51.8 |
| APM peak | 133 |
| eAPM avg | 23.6 |
| Villagers / military | 115 / 573 |
Focus
⚔️ 55.6% · 🌾 44.4%
Spearman ×221 · Shotel Warrior ×207 · Skirmisher ×112 · Archer ×22 · Unknown (882) ×14 · Battering Ram ×8
Feudal
19:14
Castle
40:24
Imperial
46:03
| APM avg | 30.2 |
| APM peak | 69 |
| eAPM avg | 15.1 |
| Villagers / military | 179 / 174 |
Focus
⚔️ 31.8% · 🌾 68.2%
Scorpion ×81 · Woad Raider ×74 · Militia ×10 · Scout Cavalry ×7 · Trebuchet (Packed) ×2
Feudal
—
Castle
—
Imperial
—
| APM avg | 21.3 |
| APM peak | 51 |
| eAPM avg | 16.9 |
| Villagers / military | 234 / 1252 |
Focus
⚔️ 53.0% · 🌾 47.0%
Scout Cavalry ×626 · Cavalry Archer ×272 · Camel Scout ×108 · Skirmisher ×100 · Mangudai ×83 · Battering Ram ×34
Match map
Initial resources + every placement click. Lines = walls · curves = elevation contours. ◆ gold · ⬟ stone · ● berries · ✦ relic · ◌ wall gap
Your base· Open — 9t gap
Kellsbells's base· Open — unwalled flank
andrerom's base· Open — unwalled flank
5419's base· Open — 3t gap
adessomariano's base· Open — 10t gap
Leobossy's base· Open — unwalled flank
yangka.dragon's base· Open — 7t gap
terodai1221's base· Open — 2t gap
Smoothed initial terrain · ◌ = detected wall gap · hover for details
Inputs per minute
— LocalFukBoy - - Kellsbells
Build order — LocalFukBoy
First 150 of 1275 actions detected
| 0:30 | Build | Town Center |
| 0:42 | Build | Town Center |
| 1:53 | Create | Villager (Male) |
| 1:53 | Create | Villager (Male) |
| 1:53 | Create | Villager (Male) |
| 1:54 | Create | Villager (Male) |
| 1:54 | Create | Villager (Male) |
| 1:54 | Create | Villager (Male) |
| 2:36 | Create | Villager (Male) |
| 2:36 | Create | Villager (Male) |
| 3:23 | Create | Villager (Male) |
| 3:36 | Build | Lumber Camp |
| 3:44 | Build | Lumber Camp |
| 3:50 | Build | Mill |
| 3:52 | Create | Villager (Male) |
| 3:52 | Create | Villager (Male) |
| 3:52 | Create | Villager (Male) |
| 4:13 | Create | Villager (Male) |
| 4:14 | Create | Villager (Male) |
| 4:14 | Create | Villager (Male) |
| 4:14 | Create | Villager (Male) |
| 4:50 | Create | Villager (Male) |
| 4:50 | Create | Villager (Male) |
| 4:51 | Create | Villager (Male) |
| 5:27 | Create | Villager (Male) |
| 5:27 | Create | Villager (Male) |
| 5:28 | Create | Villager (Male) |
| 5:43 | Build | House |
| 5:47 | Create | Villager (Male) |
| 5:47 | Create | Villager (Male) |
| 5:47 | Create | Villager (Male) |
| 6:16 | Create | Villager (Male) |
| 6:17 | Create | Villager (Male) |
| 6:17 | Create | Villager (Male) |
| 6:17 | Create | Villager (Male) |
| 6:17 | Create | Villager (Male) |
| 6:49 | Create | Villager (Male) |
| 6:58 | Create | Villager (Male) |
| 6:58 | Create | Villager (Male) |
| 7:16 | Build | Palisade Gate |
| 7:18 | Build | House |
| 10:11 | Research | Feudal Age |
| 10:37 | Build | Barracks |
| 10:40 | Create | Villager (Male) |
| 10:40 | Create | Villager (Male) |
| 10:59 | Build | Mill |
| 11:23 | Create | Villager (Male) |
| 11:23 | Create | Villager (Male) |
| 11:24 | Create | Villager (Male) |
| 11:24 | Create | Villager (Male) |
| 11:24 | Create | Villager (Male) |
| 11:25 | Create | Villager (Male) |
| 11:25 | Create | Villager (Male) |
| 12:21 | Age | Feudal Age |
| 12:30 | Build | Town Center |
| 12:37 | Research | Double-Bit Axe |
| 12:38 | Research | Horse Collar |
| 12:53 | Create | Spearman |
| 12:53 | Create | Spearman |
| 13:46 | Build | House |
| 13:47 | Build | House |
| 14:31 | Build | Lumber Camp |
| 14:34 | Create | Villager (Male) |
| 14:35 | Create | Villager (Male) |
| 14:35 | Create | Villager (Male) |
| 14:35 | Create | Villager (Male) |
| 14:35 | Create | Villager (Male) |
| 14:35 | Create | Villager (Male) |
| 14:35 | Create | Villager (Male) |
| 14:45 | Build | Mill |
| 15:27 | Build | Blacksmith |
| 15:31 | Create | Villager (Male) |
| 15:31 | Create | Villager (Male) |
| 15:31 | Create | Villager (Male) |
| 15:32 | Create | Villager (Male) |
| 15:32 | Create | Villager (Male) |
| 15:32 | Create | Villager (Male) |
| 16:11 | Build | Siege Workshop |
| 16:18 | Build | Farm |
| 16:43 | Build | Archery Range |
| 16:48 | Create | Villager (Male) |
| 16:48 | Create | Villager (Male) |
| 16:48 | Create | Villager (Male) |
| 16:48 | Create | Villager (Male) |
| 16:49 | Create | Villager (Male) |
| 16:53 | Build | House |
| 16:57 | Build | House |
| 16:58 | Build | House |
| 17:00 | Build | House |
| 17:11 | Create | Battering Ram |
| 17:11 | Create | Battering Ram |
| 17:20 | Create | Archer |
| 17:21 | Create | Archer |
| 17:21 | Create | Archer |
| 17:21 | Create | Archer |
| 17:28 | Create | Archer |
| 17:28 | Create | Archer |
| 17:36 | Create | Villager (Male) |
| 17:36 | Create | Villager (Male) |
| 17:37 | Create | Villager (Male) |
| 18:01 | Create | Villager (Male) |
| 18:01 | Create | Villager (Male) |
| 18:01 | Create | Villager (Male) |
| 18:01 | Create | Villager (Male) |
| 18:02 | Create | Battering Ram |
| 18:34 | Build | Archery Range |
| 18:51 | Create | Archer |
| 18:51 | Create | Archer |
| 19:03 | Build | Farm |
| 19:04 | Build | Farm |
| 19:05 | Build | Farm |
| 19:08 | Create | Villager (Male) |
| 19:09 | Create | Villager (Male) |
| 19:09 | Create | Villager (Male) |
| 19:10 | Create | Villager (Male) |
| 19:10 | Create | Villager (Male) |
| 19:10 | Create | Villager (Male) |
| 19:11 | Create | Villager (Male) |
| 19:20 | Create | Archer |
| 19:20 | Create | Archer |
| 19:20 | Create | Archer |
| 19:20 | Create | Archer |
| 19:20 | Create | Archer |
| 19:44 | Build | Farm |
| 19:45 | Build | Farm |
| 20:04 | Build | House |
| 20:05 | Build | House |
| 20:06 | Build | House |
| 20:10 | Create | Villager (Male) |
| 20:10 | Create | Villager (Male) |
| 20:10 | Create | Villager (Male) |
| 20:11 | Create | Villager (Male) |
| 20:26 | Build | Mining Camp |
| 20:34 | Create | Archer |
| 20:35 | Create | Archer |
| 20:35 | Create | Archer |
| 20:43 | Build | Farm |
| 20:44 | Build | Farm |
| 20:52 | Build | Farm |
| 20:52 | Build | Farm |
| 20:52 | Build | Farm |
| 20:53 | Build | Farm |
| 21:39 | Create | Battering Ram |
| 21:47 | Build | Farm |
| 21:47 | Build | Farm |
| 21:48 | Build | Farm |
| 21:48 | Build | Farm |
| 21:48 | Build | Farm |
| 21:48 | Build | Farm |
| 21:48 | Build | Farm |
Build order — Kellsbells
First 150 of 425 actions detected
| 0:35 | Build | Town Center |
| 1:42 | Research | Loom |
| 1:42 | Create | Villager (Male) |
| 1:42 | Create | Villager (Male) |
| 1:42 | Create | Villager (Male) |
| 1:43 | Create | Villager (Male) |
| 2:54 | Build | Mill |
| 2:59 | Create | Villager (Male) |
| 3:27 | Create | Villager (Male) |
| 3:28 | Create | Villager (Male) |
| 4:23 | Build | Lumber Camp |
| 4:25 | Create | Villager (Male) |
| 5:21 | Create | Villager (Male) |
| 5:22 | Create | Villager (Male) |
| 6:17 | Create | Villager (Male) |
| 6:18 | Create | Villager (Male) |
| 6:22 | Build | House |
| 7:10 | Research | Feudal Age |
| 7:34 | Build | Barracks |
| 9:04 | Create | Militia |
| 9:20 | Age | Feudal Age |
| 9:26 | Research | Wheelbarrow |
| 10:05 | Build | Mill |
| 10:17 | Create | Villager (Male) |
| 10:32 | Build | Archery Range |
| 10:52 | Create | Villager (Male) |
| 10:52 | Create | Villager (Male) |
| 10:59 | Build | House |
| 11:48 | Create | Archer |
| 11:48 | Create | Archer |
| 11:58 | Build | Blacksmith |
| 12:18 | Create | Villager (Male) |
| 12:30 | Create | Villager (Male) |
| 12:52 | Create | Archer |
| 12:52 | Create | Archer |
| 12:59 | Research | Fletching |
| 12:59 | Research | Fletching |
| 14:07 | Create | Villager (Male) |
| 14:08 | Create | Villager (Male) |
| 14:16 | Build | House |
| 14:23 | Build | Farm |
| 14:26 | Build | Farm |
| 14:27 | Build | Farm |
| 14:34 | Build | Market |
| 15:10 | Build | Farm |
| 15:12 | Build | Farm |
| 15:15 | Create | Villager (Male) |
| 15:41 | Build | Mill |
| 15:56 | Create | Villager (Male) |
| 15:56 | Create | Villager (Male) |
| 16:13 | Build | House |
| 16:17 | Build | House |
| 16:24 | Build | Farm |
| 16:29 | Build | Farm |
| 16:48 | Create | Spearman |
| 17:25 | Create | Spearman |
| 18:08 | Build | Stable |
| 18:19 | Build | Mining Camp |
| 18:59 | Research | Castle Age |
| 19:28 | Build | Archery Range |
| 19:34 | Research | Double-Bit Axe |
| 19:34 | Research | Double-Bit Axe |
| 21:39 | Age | Castle Age |
| 21:41 | Build | Castle |
| 21:53 | Research | Hand Cart |
| 22:25 | Research | Bow Saw |
| 23:28 | Create | Villager (Male) |
| 23:28 | Create | Villager (Male) |
| 23:28 | Create | Villager (Male) |
| 23:42 | Build | Lumber Camp |
| 24:00 | Build | Farm |
| 24:01 | Build | Farm |
| 24:20 | Create | Villager (Male) |
| 24:25 | Create | Mangudai |
| 24:43 | Create | Camel Scout |
| 25:07 | Build | Siege Workshop |
| 25:19 | Research | Bodkin Arrow |
| 25:25 | Build | Farm |
| 25:27 | Create | Villager (Male) |
| 25:28 | Create | Villager (Male) |
| 25:50 | Create | Battering Ram |
| 25:56 | Create | Mangudai |
| 26:03 | Create | Villager (Male) |
| 26:10 | Build | Mining Camp |
| 26:20 | Create | Mangudai |
| 26:35 | Build | Town Center |
| 27:08 | Create | Battering Ram |
| 27:11 | Create | Villager (Male) |
| 27:11 | Create | Villager (Male) |
| 27:19 | Build | Lumber Camp |
| 28:10 | Research | Thumb Ring |
| 28:13 | Create | Villager (Male) |
| 28:34 | Create | Mangudai |
| 28:34 | Create | Mangudai |
| 28:34 | Create | Mangudai |
| 28:34 | Create | Mangudai |
| 29:07 | Create | Villager (Male) |
| 29:08 | Create | Villager (Male) |
| 29:14 | Create | Mangonel |
| 29:21 | Create | Villager (Male) |
| 29:21 | Create | Villager (Male) |
| 29:28 | Build | Mining Camp |
| 30:14 | Create | Villager (Male) |
| 30:14 | Create | Villager (Male) |
| 30:23 | Create | Camel Scout |
| 30:38 | Build | Town Center |
| 31:02 | Create | Mangudai |
| 31:02 | Create | Mangudai |
| 31:02 | Create | Mangudai |
| 32:19 | Create | Knight |
| 32:20 | Create | Camel Scout |
| 32:31 | Create | Mangudai |
| 32:31 | Create | Mangudai |
| 33:31 | Create | Villager (Male) |
| 33:31 | Create | Villager (Male) |
| 33:34 | Research | Husbandry |
| 33:35 | Research | Bloodlines |
| 34:49 | Create | Mangudai |
| 34:49 | Create | Mangudai |
| 34:49 | Create | Mangudai |
| 34:54 | Create | Villager (Male) |
| 34:54 | Create | Villager (Male) |
| 34:55 | Create | Villager (Male) |
| 34:55 | Create | Villager (Male) |
| 34:59 | Build | Farm |
| 35:00 | Build | Farm |
| 35:08 | Build | Castle |
| 35:15 | Create | Camel Scout |
| 35:15 | Create | Camel Scout |
| 35:16 | Create | Camel Scout |
| 35:59 | Build | Stable |
| 36:01 | Build | Stable |
| 36:08 | Research | Forging |
| 36:08 | Research | Scale Barding Armor |
| 36:24 | Build | Farm |
| 37:53 | Research | Imperial Age |
| 37:53 | Research | Imperial Age |
| 37:56 | Create | Villager (Male) |
| 37:56 | Create | Villager (Male) |
| 38:06 | Create | Mangudai |
| 38:06 | Create | Mangudai |
| 38:06 | Create | Mangudai |
| 38:06 | Create | Mangudai |
| 38:07 | Create | Mangudai |
| 38:09 | Build | Farm |
| 39:09 | Create | Camel Scout ×3 |
| 39:18 | Build | Town Center |
| 39:21 | Create | Villager (Male) |
| 39:26 | Create | Villager (Male) |
| 39:26 | Create | Villager (Male) |
Build order — andrerom
First 150 of 459 actions detected
| 0:09 | Build | Town Center |
| 1:13 | Create | Villager (Male) ×5 |
| 1:13 | Create | Villager (Male) ×5 |
| 1:46 | Create | Villager (Male) |
| 1:46 | Create | Villager (Male) |
| 1:47 | Create | Villager (Male) |
| 1:49 | Build | Lumber Camp |
| 2:32 | Create | Villager (Male) |
| 2:32 | Create | Villager (Male) |
| 2:32 | Create | Villager (Male) |
| 2:46 | Create | Villager (Male) |
| 2:47 | Create | Villager (Male) |
| 2:47 | Create | Villager (Male) |
| 3:25 | Create | Villager (Male) |
| 3:26 | Create | Villager (Male) |
| 3:52 | Create | Villager (Male) |
| 3:52 | Create | Villager (Male) |
| 4:02 | Build | House |
| 4:10 | Build | Mill |
| 4:45 | Create | Villager (Male) |
| 4:45 | Create | Villager (Male) |
| 4:45 | Create | Villager (Male) |
| 5:03 | Create | Villager (Male) |
| 5:03 | Create | Villager (Male) |
| 5:03 | Create | Villager (Male) |
| 5:47 | Create | Villager (Male) |
| 5:47 | Create | Villager (Male) |
| 7:09 | Build | House |
| 7:10 | Build | House |
| 7:27 | Research | Loom |
| 7:27 | Research | Feudal Age |
| 7:31 | Build | Barracks |
| 8:18 | Create | Villager (Male) |
| 8:18 | Create | Villager (Male) |
| 8:19 | Create | Villager (Male) |
| 8:22 | Create | Villager (Male) |
| 8:44 | Build | House |
| 8:56 | Build | Mill |
| 9:21 | Build | House |
| 10:02 | Age | Feudal Age |
| 10:06 | Build | Stable |
| 10:35 | Build | Mining Camp |
| 10:36 | Create | Villager (Male) |
| 10:52 | Build | House |
| 10:56 | Build | Palisade Wall |
| 10:58 | Create | Scout Cavalry ×5 |
| 11:07 | Create | Villager (Male) |
| 11:10 | Research | Double-Bit Axe |
| 11:10 | Research | Double-Bit Axe |
| 11:15 | Build | House |
| 11:53 | Research | Bloodlines |
| 11:57 | Build | House |
| 12:04 | Create | Villager (Male) |
| 12:16 | Build | House |
| 13:05 | Build | Blacksmith |
| 14:23 | Create | Scout Cavalry |
| 14:38 | Build | Lumber Camp |
| 14:42 | Build | House |
| 15:25 | Build | House |
| 15:28 | Build | House |
| 15:31 | Build | House |
| 16:07 | Build | Stable |
| 16:46 | Research | Castle Age |
| 17:48 | Build | Farm |
| 17:48 | Build | Farm |
| 17:49 | Build | Farm |
| 17:49 | Build | Farm |
| 17:49 | Build | Farm |
| 17:50 | Build | Farm |
| 17:56 | Build | Farm |
| 17:56 | Build | Farm |
| 18:44 | Build | Market |
| 18:57 | Build | Palisade Gate |
| 19:11 | Age | Castle Age |
| 19:13 | Create | Knight ×2 |
| 19:18 | Build | Town Center |
| 19:38 | Build | Town Center |
| 19:41 | Create | Knight |
| 19:41 | Create | Knight |
| 20:04 | Create | Knight ×3 |
| 20:05 | Create | Knight ×3 |
| 20:26 | Create | Knight |
| 20:26 | Create | Knight |
| 21:02 | Create | Villager (Male) |
| 21:02 | Create | Villager (Male) |
| 21:03 | Create | Villager (Male) |
| 21:05 | Build | Farm |
| 21:05 | Build | Farm |
| 21:07 | Build | Farm |
| 21:08 | Build | Farm |
| 21:13 | Build | Farm |
| 21:28 | Create | Knight |
| 21:28 | Create | Knight |
| 21:28 | Create | Knight |
| 21:52 | Create | Knight |
| 21:52 | Create | Knight |
| 21:52 | Create | Knight |
| 22:10 | Research | Scale Barding Armor |
| 22:10 | Research | Scale Barding Armor |
| 22:26 | Create | Knight |
| 23:12 | Create | Knight |
| 23:12 | Create | Knight |
| 23:12 | Create | Knight |
| 23:34 | Create | Knight |
| 23:35 | Create | Knight |
| 23:36 | Create | Villager (Male) |
| 23:36 | Create | Villager (Male) |
| 23:37 | Create | Villager (Male) |
| 23:37 | Create | Villager (Male) |
| 23:42 | Build | Farm |
| 23:44 | Build | Farm |
| 23:46 | Build | Farm |
| 23:46 | Build | Farm |
| 24:13 | Create | Knight |
| 24:14 | Create | Villager (Male) |
| 24:15 | Create | Villager (Male) |
| 24:15 | Create | Villager (Male) |
| 24:17 | Build | Farm |
| 24:43 | Create | Knight |
| 24:43 | Create | Knight |
| 24:53 | Build | Farm |
| 24:55 | Create | Villager (Male) |
| 24:55 | Create | Villager (Male) |
| 25:12 | Create | Villager (Male) |
| 25:13 | Create | Villager (Male) |
| 25:13 | Create | Villager (Male) |
| 25:14 | Create | Villager (Male) |
| 25:19 | Create | Villager (Male) |
| 25:20 | Create | Villager (Male) |
| 25:38 | Create | Villager (Male) |
| 25:39 | Create | Villager (Male) |
| 25:39 | Create | Villager (Male) |
| 25:44 | Build | Farm |
| 25:44 | Build | Farm |
| 25:45 | Create | Villager (Male) |
| 25:45 | Create | Villager (Male) |
| 26:03 | Create | Villager (Male) |
| 26:04 | Create | Villager (Male) |
| 26:09 | Create | Villager (Male) |
| 26:12 | Build | Farm |
| 26:17 | Build | Farm |
| 26:18 | Build | Farm |
| 26:19 | Create | Villager (Male) |
| 26:19 | Create | Villager (Male) |
| 26:19 | Create | Villager (Male) |
| 26:40 | Create | Villager (Male) |
| 26:40 | Create | Villager (Male) |
| 26:41 | Create | Villager (Male) |
| 26:41 | Create | Villager (Male) |
| 26:45 | Build | Farm |
Build order — 5419
First 150 of 736 actions detected
| 0:41 | Build | Town Center |
| 1:50 | Create | Villager (Male) |
| 1:51 | Create | Villager (Male) |
| 1:51 | Create | Villager (Male) |
| 2:16 | Create | Villager (Male) |
| 2:25 | Research | Loom |
| 2:26 | Create | Villager (Male) |
| 3:14 | Create | Villager (Male) |
| 3:15 | Create | Villager (Male) |
| 4:18 | Create | Villager (Male) |
| 4:18 | Create | Villager (Male) |
| 4:38 | Create | Villager (Male) |
| 4:54 | Create | Villager (Male) |
| 5:19 | Build | Lumber Camp |
| 6:47 | Create | Villager (Male) |
| 7:01 | Create | Villager (Male) |
| 7:07 | Build | House |
| 7:18 | Create | Villager (Male) |
| 7:41 | Build | House |
| 8:06 | Create | Villager (Male) |
| 8:17 | Build | House |
| 8:37 | Build | Mining Camp |
| 8:45 | Build | House |
| 8:55 | Create | Villager (Male) |
| 9:21 | Build | Barracks |
| 9:31 | Research | Feudal Age |
| 10:24 | Build | Palisade Wall |
| 10:30 | Build | Palisade Gate |
| 11:05 | Build | Mill |
| 11:41 | Age | Feudal Age |
| 11:45 | Build | Stone Wall |
| 11:50 | Build | Gate |
| 11:58 | Create | Villager (Male) |
| 11:58 | Create | Villager (Male) |
| 12:02 | Research | Wheelbarrow |
| 12:07 | Build | Farm |
| 12:07 | Build | Farm |
| 12:22 | Build | Stone Wall |
| 12:33 | Build | House |
| 12:40 | Create | Villager (Male) |
| 12:45 | Build | Farm |
| 13:09 | Build | Stone Wall |
| 13:17 | Build | Archery Range |
| 13:27 | Create | Villager (Male) |
| 13:36 | Build | Farm |
| 13:38 | Build | Farm |
| 13:46 | Create | Villager (Male) |
| 14:12 | Create | Spearman |
| 14:12 | Create | Spearman |
| 14:46 | Build | Barracks |
| 14:58 | Build | Barracks |
| 15:31 | Create | Spearman |
| 15:31 | Create | Spearman |
| 15:37 | Create | Villager (Male) |
| 15:43 | Build | Farm |
| 15:47 | Build | Farm |
| 16:05 | Create | Spearman |
| 17:17 | Build | Stone Wall |
| 17:25 | Create | Villager (Male) |
| 17:42 | Build | Barracks |
| 18:35 | Build | Stone Wall |
| 18:41 | Build | Stone Wall |
| 18:57 | Build | Gate |
| 19:28 | Build | Blacksmith |
| 20:16 | Build | Farm |
| 20:26 | Build | Stone Wall |
| 20:43 | Build | Gate |
| 21:15 | Research | Castle Age |
| 21:48 | Create | Spearman |
| 21:48 | Create | Spearman |
| 22:07 | Create | Spearman |
| 22:08 | Create | Skirmisher |
| 22:09 | Create | Skirmisher |
| 22:35 | Build | Stone Wall |
| 22:49 | Build | Gate |
| 23:03 | Create | Villager (Male) |
| 23:55 | Age | Castle Age |
| 25:39 | Build | Town Center |
| 26:15 | Create | Villager (Male) |
| 26:15 | Create | Villager (Male) |
| 26:15 | Create | Villager (Male) |
| 26:16 | Create | Villager (Male) |
| 26:16 | Create | Villager (Male) |
| 26:56 | Create | Villager (Male) |
| 26:56 | Create | Villager (Male) |
| 27:04 | Build | Town Center |
| 28:00 | Build | Town Center |
| 28:03 | Create | Villager (Male) |
| 28:07 | Build | Farm |
| 28:29 | Build | Mill |
| 28:35 | Create | Villager (Male) |
| 28:35 | Create | Villager (Male) |
| 28:40 | Build | Farm |
| 28:41 | Build | Farm |
| 28:59 | Research | Double-Bit Axe |
| 29:00 | Research | Double-Bit Axe |
| 29:02 | Create | Villager (Male) |
| 29:04 | Create | Villager (Male) |
| 29:11 | Build | Farm |
| 29:23 | Create | Villager (Male) |
| 29:23 | Create | Villager (Male) |
| 29:28 | Build | Farm |
| 29:32 | Build | Farm |
| 29:51 | Research | Horse Collar |
| 30:02 | Build | House |
| 30:04 | Build | House |
| 30:06 | Create | Villager (Male) |
| 30:06 | Create | Villager (Male) |
| 30:10 | Create | Villager (Male) |
| 30:13 | Build | Farm |
| 30:18 | Build | Farm |
| 30:21 | Build | Farm |
| 30:33 | Build | Mill |
| 30:41 | Create | Villager (Male) |
| 30:44 | Build | House |
| 30:49 | Build | House |
| 30:51 | Build | House |
| 30:54 | Create | Villager (Male) |
| 31:08 | Create | Villager (Male) |
| 31:18 | Build | Gate |
| 31:30 | Create | Villager (Male) |
| 31:33 | Build | Farm |
| 31:34 | Build | Farm |
| 31:42 | Build | Stone Wall |
| 31:52 | Build | Gate |
| 32:11 | Build | Gate |
| 32:16 | Build | Stone Wall |
| 32:20 | Build | House |
| 32:22 | Build | House |
| 32:24 | Create | Villager (Male) |
| 32:31 | Build | Monastery |
| 32:33 | Create | Villager (Male) |
| 32:42 | Build | Lumber Camp |
| 33:06 | Research | Heavy Plow |
| 33:08 | Research | Hand Cart |
| 33:08 | Create | Villager (Male) |
| 33:16 | Build | Farm |
| 33:17 | Build | Farm |
| 33:19 | Build | Farm |
| 33:21 | Build | Farm |
| 33:22 | Build | Farm |
| 33:23 | Build | Farm |
| 33:27 | Create | Monk |
| 33:34 | Build | House |
| 33:35 | Build | House |
| 33:42 | Research | Bow Saw |
| 33:45 | Create | Villager (Male) |
| 33:56 | Create | Villager (Male) |
| 34:12 | Create | Villager (Male) |
| 34:27 | Create | Villager (Male) |
Build order — adessomariano
First 150 of 613 actions detected
| 0:20 | Build | Town Center |
| 1:24 | Create | Villager (Male) |
| 1:24 | Create | Villager (Male) |
| 1:24 | Create | Villager (Male) |
| 1:24 | Create | Villager (Male) |
| 1:25 | Create | Villager (Male) |
| 1:52 | Build | House |
| 1:59 | Create | Villager (Male) |
| 2:00 | Create | Villager (Male) |
| 2:26 | Create | Villager (Male) |
| 2:26 | Create | Villager (Male) |
| 3:09 | Create | Villager (Male) |
| 3:09 | Create | Villager (Male) |
| 3:20 | Create | Villager (Male) |
| 3:20 | Create | Villager (Male) |
| 3:32 | Create | Villager (Male) |
| 3:32 | Create | Villager (Male) |
| 4:08 | Build | Lumber Camp |
| 4:12 | Create | Villager (Male) |
| 4:12 | Create | Villager (Male) |
| 4:50 | Build | House |
| 4:55 | Create | Villager (Male) |
| 4:55 | Create | Villager (Male) |
| 4:55 | Create | Villager (Male) |
| 5:28 | Create | Villager (Male) |
| 5:28 | Create | Villager (Male) |
| 5:28 | Create | Villager (Male) |
| 5:29 | Create | Villager (Male) |
| 6:21 | Research | Loom |
| 6:28 | Create | Villager (Male) |
| 6:29 | Create | Villager (Male) |
| 6:29 | Create | Villager (Male) |
| 8:44 | Build | Mill |
| 8:51 | Build | Mining Camp |
| 8:58 | Create | Villager (Male) |
| 8:58 | Create | Villager (Male) |
| 9:17 | Build | House |
| 9:21 | Build | House |
| 9:26 | Build | House |
| 9:29 | Build | House |
| 10:03 | Research | Feudal Age |
| 10:05 | Build | Farm |
| 10:15 | Build | Farm |
| 10:22 | Build | Barracks |
| 10:33 | Build | Farm |
| 11:39 | Build | House |
| 12:00 | Create | Villager (Male) |
| 12:13 | Age | Feudal Age |
| 12:18 | Build | Stable |
| 12:25 | Create | Villager (Male) |
| 12:25 | Create | Villager (Male) |
| 12:58 | Create | Villager (Male) |
| 13:21 | Create | Villager (Male) |
| 13:34 | Create | Scout Cavalry |
| 13:34 | Create | Scout Cavalry |
| 13:35 | Create | Scout Cavalry |
| 13:45 | Build | Blacksmith |
| 14:30 | Research | Castle Age |
| 14:40 | Build | Stable |
| 15:35 | Build | Farm |
| 15:35 | Build | Farm |
| 15:35 | Build | Farm |
| 15:35 | Build | Farm |
| 15:36 | Build | Farm |
| 15:48 | Research | Double-Bit Axe |
| 15:56 | Research | Bloodlines |
| 15:56 | Create | Scout Cavalry |
| 17:10 | Age | Castle Age |
| 17:26 | Build | Town Center |
| 17:26 | Create | Villager (Male) |
| 17:27 | Create | Villager (Male) |
| 17:32 | Create | Villager (Male) |
| 18:33 | Create | Knight |
| 18:33 | Create | Knight |
| 18:34 | Create | Knight |
| 18:34 | Create | Knight |
| 18:34 | Create | Knight |
| 18:34 | Create | Knight |
| 18:35 | Create | Knight |
| 18:37 | Create | Villager (Male) |
| 18:47 | Build | Town Center |
| 18:52 | Research | Husbandry |
| 19:04 | Create | Villager (Male) |
| 19:11 | Build | Farm |
| 19:14 | Build | Farm |
| 19:16 | Create | Villager (Male) |
| 19:35 | Create | Knight |
| 19:35 | Create | Knight |
| 19:35 | Create | Knight |
| 19:43 | Build | Farm |
| 19:50 | Create | Villager (Male) |
| 20:28 | Create | Knight |
| 20:28 | Create | Knight |
| 20:30 | Create | Villager (Male) |
| 20:35 | Build | Farm |
| 20:38 | Build | Farm |
| 20:54 | Create | Villager (Male) |
| 21:00 | Create | Villager (Male) |
| 21:01 | Create | Villager (Male) |
| 21:01 | Create | Villager (Male) |
| 21:16 | Create | Villager (Male) |
| 21:19 | Create | Villager (Male) |
| 21:20 | Create | Villager (Male) |
| 22:54 | Research | Scale Barding Armor |
| 22:56 | Create | Knight |
| 22:57 | Create | Knight |
| 22:57 | Create | Knight |
| 22:57 | Create | Knight |
| 22:58 | Create | Knight |
| 22:58 | Create | Knight |
| 22:58 | Create | Knight |
| 22:58 | Create | Knight |
| 23:38 | Create | Knight |
| 23:38 | Create | Knight |
| 23:38 | Create | Knight |
| 23:39 | Create | Knight |
| 24:14 | Create | Villager (Male) |
| 24:14 | Create | Villager (Male) |
| 24:14 | Create | Villager (Male) |
| 24:19 | Build | Farm |
| 24:19 | Build | Farm |
| 24:19 | Build | Farm |
| 24:20 | Build | Farm |
| 24:22 | Build | Farm |
| 24:23 | Build | Farm |
| 24:23 | Build | Farm |
| 24:23 | Build | Farm |
| 24:23 | Build | Farm |
| 24:32 | Build | Town Center |
| 24:36 | Create | Villager (Male) |
| 24:37 | Create | Villager (Male) |
| 25:18 | Create | Villager (Male) |
| 25:18 | Create | Villager (Male) |
| 25:18 | Create | Villager (Male) |
| 25:20 | Create | Knight |
| 25:21 | Create | Knight |
| 25:21 | Create | Knight |
| 25:27 | Build | House |
| 25:28 | Build | House |
| 25:29 | Build | House |
| 25:30 | Build | House |
| 25:35 | Research | Town Watch |
| 25:38 | Create | Villager (Male) |
| 25:46 | Create | Villager (Male) |
| 25:47 | Create | Villager (Male) |
| 25:47 | Create | Villager (Male) |
| 26:06 | Create | Knight ×2 |
| 26:07 | Create | Knight ×2 |
| 26:23 | Create | Knight |
| 26:23 | Create | Knight |
Build order — Leobossy
First 150 of 911 actions detected
| 0:12 | Build | Town Center |
| 1:16 | Research | Loom |
| 1:16 | Create | Villager (Male) |
| 1:16 | Create | Villager (Male) |
| 1:17 | Create | Villager (Male) |
| 1:17 | Create | Villager (Male) |
| 1:17 | Create | Villager (Male) |
| 2:22 | Build | Lumber Camp |
| 2:26 | Create | Villager (Male) |
| 2:27 | Create | Villager (Male) |
| 3:28 | Create | Villager (Male) |
| 3:29 | Create | Villager (Male) |
| 3:29 | Create | Villager (Male) |
| 3:40 | Build | House |
| 3:49 | Create | Villager (Male) |
| 3:50 | Create | Villager (Male) |
| 4:58 | Create | Villager (Male) |
| 4:58 | Create | Villager (Male) |
| 5:58 | Build | Mill |
| 6:14 | Create | Villager (Male) |
| 6:14 | Create | Villager (Male) |
| 6:37 | Create | Villager (Male) |
| 6:37 | Create | Villager (Male) |
| 7:30 | Create | Villager (Male) |
| 7:59 | Research | Feudal Age |
| 8:08 | Build | Mining Camp |
| 9:05 | Build | Barracks |
| 9:15 | Build | House |
| 9:18 | Build | House |
| 9:34 | Build | Palisade Gate |
| 9:42 | Build | Palisade Wall |
| 10:09 | Age | Feudal Age |
| 10:18 | Build | Archery Range |
| 10:20 | Create | Villager (Male) |
| 10:21 | Create | Villager (Male) |
| 10:21 | Create | Villager (Male) |
| 10:21 | Create | Villager (Male) |
| 10:52 | Create | Villager (Male) |
| 11:10 | Build | Archery Range |
| 11:14 | Create | Archer |
| 11:14 | Create | Archer |
| 11:15 | Create | Archer |
| 11:15 | Create | Archer |
| 11:18 | Create | Archer |
| 11:18 | Create | Archer |
| 11:52 | Build | Blacksmith |
| 11:54 | Create | Villager (Male) |
| 12:08 | Create | Archer |
| 12:09 | Create | Archer |
| 12:17 | Build | House |
| 12:19 | Build | House |
| 12:30 | Create | Spearman |
| 12:42 | Research | Padded Archer Armor |
| 12:50 | Build | House |
| 12:55 | Build | Palisade Wall |
| 13:02 | Create | Villager (Male) |
| 13:02 | Create | Villager (Male) |
| 13:02 | Create | Villager (Male) |
| 13:07 | Create | Archer |
| 13:07 | Create | Archer |
| 13:08 | Create | Archer |
| 13:08 | Create | Archer |
| 13:30 | Build | House |
| 13:32 | Create | Villager (Male) |
| 13:51 | Research | Fletching |
| 14:08 | Create | Spearman |
| 14:13 | Create | Archer |
| 14:14 | Create | Archer |
| 14:54 | Build | House |
| 14:57 | Create | Villager (Male) |
| 14:57 | Create | Villager (Male) |
| 14:57 | Create | Villager (Male) |
| 14:57 | Create | Villager (Male) |
| 15:45 | Create | Spearman |
| 15:45 | Create | Spearman |
| 15:46 | Create | Spearman |
| 16:03 | Create | Villager (Male) |
| 16:09 | Build | House |
| 16:14 | Build | Palisade Wall |
| 16:27 | Create | Spearman |
| 16:59 | Create | Villager (Male) |
| 17:06 | Build | Market |
| 17:55 | Create | Villager (Male) |
| 17:55 | Create | Villager (Male) |
| 18:16 | Build | Barracks |
| 18:26 | Research | Castle Age |
| 19:03 | Create | Spearman |
| 19:03 | Create | Spearman |
| 19:03 | Create | Spearman |
| 19:04 | Create | Spearman |
| 19:10 | Build | Farm |
| 19:10 | Build | Farm |
| 19:10 | Build | Farm |
| 19:11 | Build | Farm |
| 19:11 | Build | Farm |
| 19:11 | Build | Farm |
| 19:21 | Build | Farm |
| 19:23 | Build | Farm |
| 19:25 | Build | Farm |
| 19:27 | Build | Farm |
| 19:34 | Create | Spearman |
| 19:34 | Create | Spearman |
| 20:33 | Create | Archer |
| 20:33 | Create | Archer |
| 20:34 | Create | Archer |
| 20:36 | Build | Farm |
| 20:42 | Build | Farm |
| 20:46 | Build | Farm |
| 21:07 | Age | Castle Age |
| 21:15 | Research | Crossbowman (upgrade) |
| 21:19 | Create | Archer |
| 21:42 | Research | Leather Archer Armor |
| 21:46 | Create | Villager (Male) |
| 21:46 | Create | Villager (Male) |
| 21:46 | Create | Villager (Male) |
| 21:57 | Build | Town Center |
| 22:03 | Build | House |
| 22:04 | Build | House |
| 22:06 | Build | House |
| 23:08 | Create | Villager (Male) |
| 23:08 | Create | Villager (Male) |
| 23:08 | Create | Villager (Male) |
| 23:08 | Create | Villager (Male) |
| 23:09 | Create | Villager (Male) |
| 23:22 | Build | Town Center |
| 23:34 | Create | Archer |
| 23:34 | Create | Archer |
| 23:34 | Create | Archer |
| 23:34 | Create | Archer |
| 23:42 | Create | Spearman |
| 23:43 | Create | Spearman |
| 23:43 | Create | Spearman |
| 23:43 | Create | Spearman |
| 24:04 | Create | Villager (Male) |
| 24:04 | Create | Villager (Male) |
| 24:04 | Create | Villager (Male) |
| 24:08 | Build | Farm |
| 24:12 | Build | Farm |
| 24:15 | Build | Farm |
| 24:21 | Build | Farm |
| 24:35 | Create | Villager (Male) |
| 24:35 | Create | Villager (Male) |
| 25:01 | Build | Castle |
| 25:20 | Create | Spearman |
| 25:20 | Create | Spearman |
| 25:21 | Create | Spearman |
| 25:21 | Create | Spearman |
| 25:49 | Create | Villager (Male) |
| 25:49 | Create | Villager (Male) |
| 25:55 | Build | Mining Camp |
Build order — yangka.dragon
First 150 of 520 actions detected
| 0:17 | Build | Town Center |
| 1:22 | Create | Villager (Male) ×4 |
| 1:22 | Create | Villager (Male) ×4 |
| 1:50 | Build | Lumber Camp |
| 2:36 | Create | Villager (Male) |
| 2:36 | Create | Villager (Male) |
| 3:16 | Create | Villager (Male) |
| 3:16 | Create | Villager (Male) |
| 3:16 | Create | Villager (Male) |
| 3:16 | Create | Villager (Male) |
| 4:01 | Build | Mill |
| 4:27 | Create | Villager (Male) |
| 4:27 | Create | Villager (Male) |
| 4:27 | Create | Villager (Male) |
| 4:27 | Create | Villager (Male) |
| 5:13 | Create | Villager (Male) |
| 5:13 | Create | Villager (Male) |
| 5:16 | Build | House |
| 5:19 | Build | House |
| 5:40 | Create | Villager (Male) |
| 5:41 | Create | Villager (Male) |
| 6:34 | Build | Barracks |
| 6:59 | Create | Villager (Male) |
| 6:59 | Create | Villager (Male) |
| 7:08 | Create | Villager (Male) |
| 7:08 | Create | Villager (Male) |
| 7:12 | Create | Villager (Male) |
| 7:35 | Create | Militia |
| 7:35 | Create | Militia |
| 7:36 | Create | Militia |
| 7:36 | Create | Militia |
| 7:36 | Create | Militia |
| 7:37 | Create | Militia |
| 7:54 | Create | Villager (Male) |
| 7:54 | Create | Villager (Male) |
| 7:54 | Create | Villager (Male) |
| 8:48 | Build | Palisade Wall |
| 8:50 | Build | Palisade Wall |
| 8:51 | Build | Palisade Wall |
| 8:53 | Build | Palisade Wall |
| 8:54 | Build | Palisade Wall |
| 8:56 | Build | Palisade Wall |
| 8:57 | Build | Palisade Wall |
| 8:58 | Build | Palisade Wall |
| 9:01 | Build | Palisade Wall |
| 9:03 | Build | Palisade Wall |
| 9:04 | Build | Palisade Wall |
| 9:17 | Create | Militia |
| 9:17 | Create | Militia |
| 9:54 | Create | Villager (Male) |
| 9:54 | Create | Villager (Male) |
| 9:54 | Create | Villager (Male) |
| 10:09 | Create | Villager (Male) |
| 10:09 | Create | Villager (Male) |
| 10:29 | Create | Villager (Male) |
| 10:29 | Create | Villager (Male) |
| 10:33 | Build | Mill |
| 10:47 | Create | Militia |
| 10:47 | Create | Militia |
| 11:07 | Build | Farm |
| 11:10 | Build | Farm |
| 11:13 | Research | Loom |
| 11:13 | Research | Loom |
| 11:41 | Build | Farm |
| 11:55 | Create | Villager (Male) |
| 11:55 | Create | Villager (Male) |
| 11:58 | Build | Farm |
| 12:06 | Build | Farm |
| 12:24 | Create | Villager (Male) |
| 12:27 | Build | Farm |
| 12:52 | Build | Palisade Wall |
| 12:53 | Build | Palisade Wall |
| 12:58 | Create | Villager (Male) |
| 12:58 | Create | Villager (Male) |
| 12:59 | Create | Villager (Male) |
| 13:03 | Build | Farm |
| 13:50 | Create | Villager (Male) |
| 14:09 | Build | House |
| 14:10 | Build | House |
| 14:12 | Build | House |
| 14:13 | Build | House |
| 14:17 | Build | House |
| 14:21 | Build | House |
| 14:34 | Create | Villager (Male) |
| 14:44 | Create | Villager (Male) |
| 15:01 | Build | Palisade Wall |
| 15:16 | Build | Palisade Wall |
| 15:28 | Create | Villager (Male) |
| 15:34 | Build | Farm |
| 15:40 | Create | Villager (Male) |
| 16:32 | Build | Mill |
| 16:36 | Create | Villager (Male) |
| 17:04 | Research | Feudal Age |
| 17:04 | Research | Feudal Age |
| 17:14 | Build | House |
| 17:20 | Build | House |
| 17:21 | Build | House |
| 17:22 | Build | House |
| 18:39 | Build | Palisade Gate |
| 18:47 | Build | Palisade Wall |
| 19:14 | Age | Feudal Age |
| 19:54 | Build | Archery Range |
| 19:57 | Build | Stable |
| 20:39 | Build | Stable |
| 21:02 | Build | Stable |
| 21:06 | Create | Scout Cavalry |
| 21:07 | Create | Scout Cavalry |
| 21:24 | Create | Scout Cavalry |
| 21:24 | Create | Scout Cavalry |
| 21:33 | Build | Blacksmith |
| 21:35 | Build | House |
| 21:36 | Build | House |
| 21:37 | Build | House |
| 21:44 | Create | Scout Cavalry |
| 21:57 | Research | Double-Bit Axe |
| 21:59 | Create | Villager (Male) |
| 22:00 | Create | Villager (Male) |
| 23:03 | Create | Scout Cavalry |
| 23:04 | Create | Scout Cavalry |
| 23:27 | Build | Mill |
| 25:51 | Build | Town Center |
| 27:23 | Create | Villager (Male) ×4 |
| 27:23 | Create | Villager (Male) ×4 |
| 27:37 | Build | Farm |
| 27:38 | Build | Farm |
| 27:43 | Build | Farm |
| 28:33 | Build | Farm |
| 28:37 | Build | Farm |
| 28:45 | Create | Villager (Male) |
| 28:45 | Create | Villager (Male) |
| 29:34 | Create | Villager (Male) |
| 29:35 | Create | Villager (Male) |
| 30:05 | Create | Villager (Male) |
| 30:06 | Create | Villager (Male) |
| 32:24 | Build | Town Center |
| 32:37 | Build | Town Center |
| 33:10 | Create | Villager (Male) ×4 |
| 33:10 | Create | Villager (Male) ×4 |
| 33:15 | Build | Farm |
| 33:19 | Build | Farm |
| 33:22 | Build | Farm |
| 33:26 | Build | Farm |
| 33:35 | Build | Mill |
| 33:36 | Build | Farm |
| 33:38 | Build | Farm |
| 33:39 | Build | Farm |
| 33:40 | Build | Farm |
| 33:45 | Build | Farm |
| 33:50 | Create | Villager (Male) |
| 33:50 | Create | Villager (Male) |
Build order — terodai1221
First 150 of 787 actions detected
| 0:10 | Build | Town Center |
| 1:13 | Create | Villager (Male) ×4 |
| 1:13 | Create | Villager (Male) ×4 |
| 1:14 | Create | Villager (Male) ×4 |
| 1:50 | Build | Lumber Camp |
| 1:53 | Create | Villager (Male) |
| 1:54 | Create | Villager (Male) |
| 2:39 | Create | Villager (Male) |
| 3:01 | Build | House |
| 3:06 | Build | House |
| 3:12 | Create | Villager (Male) |
| 3:12 | Create | Villager (Male) |
| 3:53 | Build | Mill |
| 4:00 | Create | Villager (Male) ×2 |
| 4:01 | Create | Villager (Male) ×2 |
| 4:01 | Create | Villager (Male) ×2 |
| 4:58 | Create | Villager (Male) ×2 |
| 4:58 | Create | Villager (Male) ×2 |
| 4:59 | Create | Villager (Male) ×2 |
| 5:23 | Create | Villager (Male) |
| 5:24 | Create | Villager (Male) |
| 5:55 | Create | Villager (Male) ×4 |
| 5:55 | Create | Villager (Male) ×4 |
| 6:06 | Create | Villager (Male) ×2 |
| 6:07 | Create | Villager (Male) ×2 |
| 7:00 | Create | Villager (Male) |
| 7:40 | Research | Loom |
| 7:41 | Research | Feudal Age |
| 7:57 | Build | Barracks |
| 8:07 | Build | Farm |
| 8:07 | Build | Farm |
| 8:14 | Build | Farm |
| 8:36 | Build | House |
| 8:44 | Create | Villager (Male) |
| 8:58 | Build | Farm |
| 8:59 | Build | Farm |
| 9:23 | Create | Villager (Male) |
| 10:25 | Build | Archery Range |
| 10:48 | Build | Blacksmith |
| 11:08 | Build | Palisade Wall |
| 11:12 | Build | Palisade Wall |
| 11:13 | Build | Palisade Wall |
| 11:17 | Create | Villager (Male) |
| 11:17 | Create | Villager (Male) |
| 11:22 | Create | Archer ×2 |
| 11:22 | Create | Archer ×2 |
| 11:22 | Create | Archer ×2 |
| 11:33 | Build | House |
| 11:44 | Build | House |
| 12:02 | Create | Archer ×2 |
| 12:08 | Create | Villager (Male) ×5 |
| 12:20 | Build | House |
| 12:22 | Build | House |
| 12:23 | Build | House |
| 12:26 | Create | Archer |
| 13:12 | Build | Lumber Camp |
| 13:23 | Create | Archer ×3 |
| 13:57 | Create | Villager (Male) ×5 |
| 14:09 | Build | Farm |
| 14:09 | Build | Farm |
| 14:18 | Build | Farm |
| 14:28 | Create | Archer |
| 14:33 | Research | Fletching |
| 14:55 | Create | Spearman |
| 14:55 | Create | Spearman |
| 14:58 | Create | Villager (Male) |
| 15:16 | Build | Archery Range |
| 15:21 | Build | Palisade Wall |
| 15:34 | Create | Villager (Male) |
| 15:49 | Build | Farm |
| 15:50 | Build | Farm |
| 15:52 | Create | Villager (Male) |
| 15:59 | Create | Archer |
| 16:00 | Create | Archer |
| 16:02 | Create | Archer |
| 16:09 | Research | Padded Archer Armor |
| 16:23 | Create | Archer |
| 16:23 | Create | Archer |
| 16:28 | Build | House |
| 16:33 | Build | House |
| 16:35 | Build | House |
| 16:36 | Build | House |
| 16:53 | Build | House |
| 16:55 | Build | House |
| 16:59 | Build | House |
| 17:06 | Build | House |
| 17:12 | Create | Villager (Male) |
| 17:22 | Build | Palisade Wall |
| 17:27 | Create | Archer |
| 17:27 | Create | Archer |
| 17:28 | Create | Archer |
| 17:43 | Create | Villager (Male) |
| 17:46 | Research | Double-Bit Axe |
| 18:04 | Build | Farm |
| 18:05 | Build | Farm |
| 18:06 | Build | Farm |
| 18:11 | Build | Farm |
| 18:18 | Build | Farm |
| 18:27 | Build | Farm |
| 18:36 | Create | Archer ×2 |
| 18:53 | Create | Villager (Male) |
| 18:54 | Create | Villager (Male) |
| 19:14 | Create | Villager (Male) |
| 19:25 | Build | Farm |
| 19:34 | Build | Farm |
| 19:51 | Build | Farm |
| 19:59 | Build | Farm |
| 20:01 | Build | Farm |
| 20:01 | Build | Farm |
| 20:05 | Create | Villager (Male) |
| 20:05 | Create | Villager (Male) |
| 20:21 | Build | Farm |
| 20:40 | Build | Farm |
| 20:49 | Research | Wheelbarrow |
| 20:52 | Research | Horse Collar |
| 21:00 | Build | House |
| 21:03 | Build | House |
| 21:49 | Build | Palisade Gate |
| 22:19 | Research | Castle Age |
| 23:14 | Create | Villager (Male) |
| 23:14 | Create | Villager (Male) |
| 23:23 | Build | Mining Camp |
| 23:38 | Build | Mining Camp |
| 23:50 | Build | House |
| 23:53 | Build | House |
| 23:54 | Build | House |
| 23:56 | Build | House |
| 23:58 | Build | House |
| 24:02 | Build | House |
| 24:10 | Research | Stone Mining |
| 24:25 | Create | Villager (Male) |
| 25:05 | Research | Bodkin Arrow |
| 25:06 | Research | Leather Archer Armor |
| 25:11 | Research | Thumb Ring |
| 25:11 | Create | Cavalry Archer ×4 |
| 25:12 | Create | Cavalry Archer ×4 |
| 25:22 | Create | Cavalry Archer |
| 25:22 | Create | Cavalry Archer |
| 25:22 | Create | Cavalry Archer |
| 25:28 | Research | Stone Shaft Mining |
| 25:29 | Research | Gold Mining |
| 25:40 | Build | Town Center |
| 25:52 | Build | Stable |
| 26:02 | Create | Cavalry Archer |
| 26:02 | Create | Cavalry Archer |
| 26:02 | Create | Cavalry Archer |
| 26:02 | Create | Cavalry Archer |
| 26:05 | Create | Villager (Male) |
| 26:05 | Create | Villager (Male) |
| 26:16 | Research | Heavy Plow |
Match timeline
| 6:34 | yangka.dragon · first_building Barracks |
| 7:31 | andrerom · first_building Barracks |
| 7:34 | Kellsbells · first_building Barracks |
| 7:57 | terodai1221 · first_building Barracks |
| 8:48 | yangka.dragon · wall_segment Palisade Wall x1 |
| 8:50 | yangka.dragon · wall_segment Palisade Wall x1 |
| 8:51 | yangka.dragon · wall_segment Palisade Wall x1 |
| 8:53 | yangka.dragon · wall_segment Palisade Wall x1 |
| 8:54 | yangka.dragon · wall_segment Palisade Wall x1 |
| 8:56 | yangka.dragon · wall_segment Palisade Wall x1 |
| 8:57 | yangka.dragon · wall_segment Palisade Wall x1 |
| 8:58 | yangka.dragon · wall_segment Palisade Wall x1 |
| 9:01 | yangka.dragon · wall_segment Palisade Wall x4 |
| 9:03 | yangka.dragon · wall_segment Palisade Wall x1 |
| 9:04 | yangka.dragon · wall_segment Palisade Wall x1 |
| 9:05 | Leobossy · first_building Barracks |
| 9:20 | Kellsbells · age_up feudal |
| 9:21 | 5419 · first_building Barracks |
| 9:42 | Leobossy · wall_segment Palisade Wall x8 |
| 10:02 | andrerom · age_up feudal |
| 10:06 | andrerom · first_building Stable |
| 10:09 | Leobossy · age_up feudal |
| 10:18 | Leobossy · first_building Archery Range |
| 10:22 | adessomariano · first_building Barracks |
| 10:24 | 5419 · wall_segment Palisade Wall x6 |
| 10:25 | terodai1221 · first_building Archery Range |
| 10:32 | Kellsbells · first_building Archery Range |
| 10:37 | LocalFukBoy · first_building Barracks |
| 10:56 | andrerom · wall_segment Palisade Wall x4 |
| 11:08 | terodai1221 · wall_segment Palisade Wall x3 |
| 11:12 | terodai1221 · wall_segment Palisade Wall x7 |
| 11:13 | terodai1221 · wall_segment Palisade Wall x9 |
| 11:41 | 5419 · age_up feudal |
| 11:45 | 5419 · wall_segment Stone Wall x12 |
| 12:13 | adessomariano · age_up feudal |
| 12:18 | adessomariano · first_building Stable |
| 12:21 | LocalFukBoy · age_up feudal |
| 12:22 | 5419 · wall_segment Stone Wall x4 |
| 12:52 | yangka.dragon · wall_segment Palisade Wall x1 |
| 12:53 | yangka.dragon · wall_segment Palisade Wall x1 |
| 12:55 | Leobossy · wall_segment Palisade Wall x1 |
| 13:09 | 5419 · wall_segment Stone Wall x11 |
| 13:17 | 5419 · first_building Archery Range |
| 15:01 | yangka.dragon · wall_segment Palisade Wall x3 |
| 15:16 | yangka.dragon · wall_segment Palisade Wall x14 |
| 15:21 | terodai1221 · wall_segment Palisade Wall x1 |
| 16:11 | LocalFukBoy · first_building Siege Workshop |
| 16:14 | Leobossy · wall_segment Palisade Wall x5 |
| 16:43 | LocalFukBoy · first_building Archery Range |
| 17:10 | adessomariano · age_up castle |
| 17:17 | 5419 · wall_segment Stone Wall x1 |
| 17:22 | terodai1221 · wall_segment Palisade Wall x9 |
| 18:08 | Kellsbells · first_building Stable |
| 18:19 | Leobossy · first_market_buy 100 food |
| 18:35 | 5419 · wall_segment Stone Wall x13 |
| 18:41 | 5419 · wall_segment Stone Wall x9 |
| 18:47 | yangka.dragon · wall_segment Palisade Wall x4 |
| 19:11 | andrerom · age_up castle |
| 19:14 | yangka.dragon · age_up feudal |
| 19:54 | yangka.dragon · first_building Archery Range |
| 19:56 | andrerom · first_market_buy 100 wood |
| 19:57 | yangka.dragon · first_building Stable |
| 19:58 | andrerom · first_market_sell 100 wood |
| 20:26 | 5419 · wall_segment Stone Wall x8 |
| 20:44 | Kellsbells · first_market_buy 100 stone |
| 21:07 | Leobossy · age_up castle |
| 21:39 | Kellsbells · age_up castle |
| 21:41 | Kellsbells · first_building Castle |
| 22:35 | 5419 · wall_segment Stone Wall x23 |
| 23:55 | 5419 · age_up castle |
| 24:30 | Leobossy · first_market_sell 100 wood |
| 25:01 | Leobossy · first_building Castle |
| 25:07 | Kellsbells · first_building Siege Workshop |
| 25:52 | terodai1221 · first_building Stable |
| 28:03 | LocalFukBoy · first_market_buy 100 wood |
| 28:07 | terodai1221 · first_building Castle |
| 28:40 | andrerom · first_building Castle |
| 29:10 | LocalFukBoy · age_up castle |
| 29:50 | LocalFukBoy · first_building Castle |
| 31:42 | 5419 · wall_segment Stone Wall x2 |
| 32:13 | Leobossy · wall_segment Stone Wall x6 |
| 32:16 | 5419 · wall_segment Stone Wall x1 |
| 32:31 | 5419 · first_building Monastery |
| 34:36 | Leobossy · wall_segment Stone Wall x3 |
| 34:58 | Leobossy · wall_segment Stone Wall x4 |
| 35:07 | Leobossy · wall_segment Stone Wall x2 |
| 35:30 | adessomariano · first_building Siege Workshop |
| 35:53 | Leobossy · age_up imperial |
| 36:22 | terodai1221 · first_market_sell 500 wood |
| 36:36 | yangka.dragon · wall_segment Palisade Wall x7 |
| 36:43 | adessomariano · first_building Monastery |
| 37:28 | Kellsbells · first_market_sell 100 wood |
| 37:36 | yangka.dragon · wall_segment Palisade Wall x6 |
| 38:13 | 5419 · first_building Castle |
| 38:24 | andrerom · age_up imperial |
| 38:26 | yangka.dragon · wall_segment Palisade Wall x11 |
| 38:38 | yangka.dragon · wall_segment Palisade Wall x19 |
| 38:41 | yangka.dragon · wall_segment Palisade Wall x4 |
| 39:12 | yangka.dragon · wall_segment Palisade Wall x9 |
| 39:15 | yangka.dragon · wall_segment Palisade Wall x7 |
| 39:21 | yangka.dragon · wall_segment Palisade Wall x3 |
| 39:40 | 5419 · first_building Siege Workshop |
| 40:12 | adessomariano · first_building Archery Range |
| 40:22 | 5419 · age_up imperial |
| 40:24 | yangka.dragon · age_up castle |
| 40:33 | yangka.dragon · wall_segment Palisade Wall x3 |
| 40:39 | adessomariano · age_up imperial |
| 41:03 | Kellsbells · age_up imperial |
| 41:08 | adessomariano · first_building Castle |
| 41:10 | yangka.dragon · first_building Monastery |
| 41:47 | yangka.dragon · first_market_buy 100 stone |
| 42:59 | Leobossy · first_building Siege Workshop |
| 43:15 | LocalFukBoy · age_up imperial |
| 45:17 | 5419 · tribute_sent a jugador 1 |
| 45:17 | 5419 · tribute_sent a jugador 2 |
| 45:17 | 5419 · tribute_sent a jugador 4 |
| 45:17 | 5419 · tribute_sent a jugador 5 |
| 45:17 | 5419 · tribute_sent a jugador 6 |
| 45:17 | 5419 · tribute_sent a jugador 7 |
| 45:17 | 5419 · tribute_sent a jugador 8 |
| 46:03 | yangka.dragon · age_up imperial |
| 47:15 | yangka.dragon · first_building Castle |
| 48:09 | LocalFukBoy · first_building Stable |
| 48:55 | yangka.dragon · first_building Siege Workshop |
| 49:47 | Kellsbells · first_building Monastery |
| 50:09 | 5419 · first_building Stable |
| 50:32 | andrerom · tribute_sent a jugador 1 |
| 50:32 | andrerom · tribute_sent a jugador 3 |
| 50:32 | andrerom · tribute_sent a jugador 4 |
| 50:32 | andrerom · tribute_sent a jugador 5 |
| 50:32 | andrerom · tribute_sent a jugador 6 |
| 50:32 | andrerom · tribute_sent a jugador 7 |
| 50:32 | andrerom · tribute_sent a jugador 8 |
| 52:05 | LocalFukBoy · first_market_sell 100 wood |
| 53:39 | terodai1221 · first_building Siege Workshop |
| 54:09 | yangka.dragon · first_market_sell 100 food |
| 61:02 | adessomariano · first_market_sell 500 food |
| 66:21 | adessomariano · first_market_buy 100 stone |
| 68:32 | andrerom · resign |
| 74:13 | 5419 · first_market_buy 100 stone |
| 74:16 | 5419 · first_market_sell 100 wood |
| 77:09 | adessomariano · tribute_sent a jugador 1 |
| 77:09 | adessomariano · tribute_sent a jugador 2 |
| 77:09 | adessomariano · tribute_sent a jugador 3 |
| 77:09 | adessomariano · tribute_sent a jugador 5 |
| 77:09 | adessomariano · tribute_sent a jugador 6 |
| 77:09 | adessomariano · tribute_sent a jugador 7 |
| 77:09 | adessomariano · tribute_sent a jugador 8 |
| 79:47 | Kellsbells · tribute_sent a jugador 2 |
| 79:47 | Kellsbells · tribute_sent a jugador 3 |
| 79:47 | Kellsbells · tribute_sent a jugador 4 |
| 79:47 | Kellsbells · tribute_sent a jugador 5 |
| 79:47 | Kellsbells · tribute_sent a jugador 6 |
| 79:47 | Kellsbells · tribute_sent a jugador 7 |
| 79:47 | Kellsbells · tribute_sent a jugador 8 |
[ AI ANALYSIS · 1 CREDIT ]
What really happened in this match?
Wolo.gg analyzes every decision: build order, eco, micro, common mistakes by bracket. Personalized analysis on WhatsApp or Discord in 30 seconds.
Civ guide
Cumans
Perfil
Jugador #2844530